 Dungeon Crawl Stone Soup version 0.16-a0-1816-g2c93a98 (webtiles) character file.

1610 timbw the Basher (level 8, 71/71 HPs)
             Began as a Troll Hunter on Nov 3, 2014.
             Quit the game on level 6 of the Dungeon.
             The game lasted 00:12:36 (2640 turns).

timbw the Basher (Troll Hunter)                     Turns: 2640, Time: 00:12:36

Health: 71/71      AC:  7    Str: 21    XL:     8   Next: 63%
Magic:  3/3        EV: 10    Int:  7    God:
Gold:   150        SH:  0    Dex: 12    Spells: 0 memorised, 7 levels left

rFire  . . .     SeeInvis +     g - +2 flail (drain) (curse)
rCold  . . .     Clarity  .     d - +1 animal skin
rNeg   . . .     SustAb   .     (shield restricted)
rPois  .         Gourm    +     (helmet restricted)
rElec  .         Spirit   .     y - +0 cloak
rCorr  .         Warding  .     (gloves unavailable)
rMut   .         Stasis   .     (boots unavailable)
MR     +....                    (no amulet)
Stlth  +.........               (no ring)
                                v - ring of protection from magic

@: somewhat resistant to hostile enchantments, very unstealthy
A: unfitting armour, claws 3, see invisible, fast metabolism 3, gourmand,
regeneration 2, shaggy fur 1, tough skin 2
a: no special abilities


You were on level 6 of the Dungeon.
You were not hungry.

You visited 1 branch of the dungeon, and saw 7 of its levels.
You also visited: Ossuary and Bailey.

You collected 150 gold pieces.

Inventory:

Hand weapons
 b - a +0 giant spiked club
 g - a cursed +2 flail of draining (weapon)
 n - a cursed +0 giant club
Missiles
 h - 2 large rocks (quivered)
Armour
 d - a +1 animal skin (worn)
 y - a +0 cloak (worn)
Jewellery
 f - a cursed ring of fire
 v - a ring of protection from magic (left claw)
Magical devices
 c - a wand of flame (7)
 x - a wand of enslavement (18)
Scrolls
 i - 2 scrolls of teleportation
 j - 3 scrolls of identify
 l - a scroll of remove curse
 u - a scroll of enchant weapon
 B - 2 scrolls of fog {unknown}
Potions
 e - a potion of invisibility
 k - a potion of poison
 o - a potion of heal wounds
 s - a potion of cancellation
Books
 m - a book of the Dragon

   Spells                             Type                      Level
   Flight                             Charms/Air                   3
   Cause Fear                         Hexes                        4
   Bolt of Fire                       Conjuration/Fire             6
   Dragon Form                        Transmutation                7
   Dragon's Call                      Summoning                    9
 w - Sif Muna's Incunabulum of Unstable Clay
   (You found it on level 7 of the Dungeon)

   Spells                             Type                      Level
   Sandblast                          Earth                        1
   Stoneskin                          Transmutation/Earth          2
   Stone Arrow                        Conjuration/Earth            3
   Passwall                           Transmutation/Earth          3
   Statue Form                        Transmutation/Earth          6
Comestibles
 a - 2 meat rations
 z - a bread ration
 A - a royal jelly


   Skills:
 - Level 1.7 Fighting
 + Level 9.8 Maces & Flails
 - Level 3.6 Throwing
 - Level 1.9 Dodging
 - Level 0.4 Stealth


You had 7 spell levels left.
You didn't know any spells.

Dungeon Overview and Level Annotations

Branches:
Dungeon (7/15)
 Temple: D:4-7

Altars:

Annotations:
D:5 timbw's ghost, average TrHu


Innate Abilities, Weirdness & Mutations

You are too large for most types of armour.
You have claws for hands.
Your metabolism is lightning-fast.
You like to eat raw meat.
You heal very quickly.
You are covered in fur (AC +1).
You have very tough skin (AC +2).
You have supernaturally acute eyesight.


Message History

Things that are here:
a robe; a scythe You are starving!
You now have 150 gold pieces (gained 15).
Eat which item? (? for menu, Esc to quit)
You continue eating. x2
You finish eating.
That meat ration really hit the spot!
Found a scroll of remove curse.
j - 3 scrolls of identify (gained 1)
l - a scroll of remove curse
There is an open door here.
A hound comes into view.
The hound bites you.
You sock the hound! You drain the hound!
You kill the hound!
Found a robe.
There is an open door here.
You open the door.
There is an open door here.
Are you sure you want to abandon this character and quit the game? (Confirm with "yes".)

### ### #.########.#
#.....z....# ##########
#.########.# #.@....z.#
#.########.# #.######.#
#.#........# #. #.#
#(#.#####..###.# #.# #(#)#
#......# #.# #.#<# #.######
###z########## #(#######.#
######.)..........#
#.(.......####....+.............
#............#....#..........[..


You could see a wight.

Vanquished Creatures
  Menkaure (D:6)
  An orc warrior (D:6)
  A centaur (D:6)
  3 ogres
  Sigmund (D:6)
  2 giant frogs
  3 water moccasin zombies (Ossuary)
  3 wights
  2 scorpions (D:6)
  2 crimson imps (D:5)
  A goliath beetle (D:6)
  Crazy Yiuf (D:6)
  An orc priest (D:6)
  A hound (D:6)
  A worker ant (D:4)
  An iguana (D:6)
  3 big kobold zombies (Ossuary)
  2 mummies (Ossuary)
  4 adders
  A scorpion zombie (D:5)
  An orc skeleton (D:5)
  3 worms
  2 adder zombies (Ossuary)
  An adder skeleton (D:6)
  12 orcs
  A ball python (D:5)
  A giant cockroach (D:2)
  4 goblins
  4 hobgoblins
  6 jackals
  2 quokkas
  A ball python skeleton (D:5)
  2 bats
  A giant newt (D:5)
  4 gnoll zombies (Ossuary)
  4 hobgoblin zombies (Ossuary)
  A kobold (D:5)
  A kobold skeleton (D:5)
  5 kobold zombies (Ossuary)
  4 orc zombies (Ossuary)
  2 rats
  A rat skeleton (D:4)
  2 ballistomycetes (D:4)
100 creatures vanquished.

Vanquished Creatures (others)
  2 orcs (D:4)
  A giant spore (D:4)
3 creatures vanquished.

Grand Total: 103 creatures vanquished

Notes
Turn   | Place    | Note
--------------------------------------------------------------
     0 | D:1      | timbw, the Troll Hunter, began the quest for the Orb.
     0 | D:1      | Reached XP level 1. HP: 19/19 MP: 1/1
   130 | D:4      | Reached XP level 2. HP: 28/28 MP: 1/1
   203 | D:4      | Reached skill level 1 in Maces & Flails
   317 | D:4      | Reached XP level 3. HP: 13/35 MP: 2/2
   387 | D:4      | Noticed a worker ant
   432 | D:5      | Entered Level 5 of the Dungeon
   432 | D:5      | Noticed timbw's ghost (average TrHu)
   461 | D:4      | Killed a worker ant
   461 | D:4      | Reached XP level 4. HP: 39/42 MP: 2/2
   499 | D:5      | Noticed a scorpion
   516 | D:5      | Noticed an ogre
   522 | D:5      | Killed an ogre
   522 | D:5      | Reached skill level 4 in Maces & Flails
   522 | D:5      | Reached XP level 5. HP: 49/49 MP: 2/2
   727 | D:6      | Noticed Menkaure
   734 | D:6      | Killed Menkaure
   734 | D:6      | Reached skill level 5 in Maces & Flails
   734 | D:6      | Reached XP level 6. HP: 57/57 MP: 3/3
   750 | D:6      | Noticed a centaur
   761 | D:6      | HP: 1/57 [centaur (5)]
   762 | D:6      | Killed a centaur
   772 | D:6      | HP: 1/57 [wight/hand axe (6)]
   825 | D:5      | Reached skill level 6 in Maces & Flails
   894 | D:6      | Reached XP level 7. HP: 27/63 MP: 3/3
  1040 | D:5      | Found a sand-covered staircase.
  1045 | Ossuary  | Entered an ossuary
  1080 | Ossuary  | Reached skill level 7 in Maces & Flails
  1366 | D:6      | Noticed Sigmund
  1366 | D:6      | Noticed an ogre
  1374 | D:5      | Killed an ogre
  1374 | D:5      | Reached skill level 8 in Maces & Flails
  1464 | D:5      | Gained mutation: You have supernaturally acute eyesight. [potion of beneficial mutation]
  1479 | D:5      | Noticed a scorpion
  1552 | D:6      | Killed a scorpion
  1552 | D:6      | Reached XP level 8. HP: 63/71 MP: 3/3
  1557 | D:6      | Noticed an orc warrior
  1707 | D:7      | Found a flagged portal.
  1718 | Bailey   | Entered a bailey
  1798 | D:7      | Identified Sif Muna's Incunabulum of Unstable Clay
  1809 | D:7      | Noticed a hill giant
  1855 | D:6      | Killed Sigmund
  1855 | D:6      | Reached skill level 9 in Maces & Flails
  2260 | D:6      | Killed a scorpion
  2289 | D:6      | Killed an orc warrior
  2356 | D:6      | Noticed Crazy Yiuf
  2364 | D:6      | Killed Crazy Yiuf
  2640 | D:6      | Quit the game

Action                   |  1- 3 |  4- 6 |  7- 9 || total
-------------------------+-------+-------+-------++-------
Melee: Unarmed           |    71 |    10 |       ||    81
       Flail             |       |    44 |   232 ||   276
Throw: Large rock        |     5 |    13 |    18 ||    36
       Throwing net      |       |     2 |     1 ||     3
  Use: Scroll            |       |     4 |     6 ||    10
       Potion            |       |       |    11 ||    11
 Stab: Held in net/web   |       |     1 |       ||     1
       Sleeping          |       |       |     1 ||     1
       Invisible         |       |       |     2 ||     2
  Eat: Chunk             |     4 |     1 |    10 ||    15
       Meat ration       |       |       |     2 ||     2
